 Dungeon Crawl Stone Soup version 0.24-a0-355-gbe4061de67 (webtiles) character file.

Game seed: 14074851011193156867

493 kaladindcss the Archer (level 6, -4/51 HPs)
             Began as a Centaur Hunter on May 24, 2019.
             Slain by a worker ant (6 damage)
             ... on level 4 of the Dungeon.
             The game lasted 00:08:55 (3848 turns).

kaladindcss the Archer (Centaur Hunter)             Turns: 3848, Time: 00:08:57

Health: -4/51      AC:  4    Str: 16    XL:     6   Next: 92%
Magic:  6/6        EV:  9    Int: 10    God:
Gold:   204        SH:  0    Dex: 10    Spells: 5/5 levels left

rFire    . . .     SeeInvis .   m - +0 spear (venom)
rCold    . . .     Gourm    .   (no shield)
rNeg     . . .     Faith    .   c - +0 leather armour
rPois    .         Spirit   .   (no helmet)
rElec    .         Reflect  .   (no cloak)
rCorr    .         Harm     .   (no gloves)
MR       .....     Rnd*Tele +   (no barding)
Stlth    +.........             (no amulet)
HPRegen  0.17/turn              l - ring of teleportation (curse)
MPRegen  0.10/turn              (no ring)

@: lethally poisoned (-4 -> -7), very quick
A: large, hooves 3, deformed body, speed 2, tough skin 3
a: no special abilities


You were on level 4 of the Dungeon.
You were not hungry.

You visited 1 branch of the dungeon, and saw 5 of its levels.

You collected 204 gold pieces.

Inventory:

Hand Weapons
 a - a +1 shortbow
 m - a +0 spear of venom (weapon)
Missiles
 d - 41 arrows
Armour
 c - a +0 leather armour (worn)
Jewellery
 f - an uncursed amulet of magic regeneration
 l - a cursed ring of teleportation (left hand)
Scrolls
 b - a scroll of enchant weapon {unknown}
 e - 5 scrolls of teleportation
 j - 2 scrolls of identify
 k - 2 scrolls of random uselessness
Potions
 h - a potion of flight
 i - a potion of ambrosia
 n - 2 potions of magic
Comestibles
 g - 3 rations


   Skills:
 + Level 3.5 Fighting
 + Level 1.6 Polearms
 * Level 8.6 Bows
 + Level 1.5 Armour
 + Level 2.1 Dodging
 - Level 0.5 Stealth


You had 5 spell levels left.
You didn't know any spells.
Your spell library was empty.

Dungeon Overview and Level Annotations

Branches:
Dungeon (5/15)
 Temple: D:4-7

Altars:
Uskayaw


Innate Abilities, Weirdness & Mutations

You have hooves in place of feet.
Armour fits poorly on your strangely shaped body.
You cover ground very quickly.
You have extremely tough skin. (AC +3)


Message History

The worker ant closely misses you.
The orc wizard mumbles some strange words.
The orc wizard blinks!
The worker ant closely misses you.
Things that are here:
a +2 battleaxe of chopping; 5 boomerangs; a +0 chain mail Unknown command.
Unknown command.
The worker ant barely misses you.
You closely miss the worker ant. The worker ant bites you.
* * * LOW HITPOINT WARNING * * *
You are lethally poisoned!
The worker ant poisons you!
You barely miss the worker ant.
* * * LOW HITPOINT WARNING * * *
You feel sick. The worker ant closely misses you. x2
You hit the worker ant.
The worker ant is poisoned.
The worker ant is moderately wounded.
The orc wizard gestures wildly while chanting.
The orc wizard blinks!
The worker ant bites you.
You die...

######### #..........# #<#
........# #..........# #.#
........##########..........###.#
.................'...........†...
........########.#..........###.#
........# #)#..........# #.#
........# #.#..........# #.#
........# #.#..........# #.#
........# #@############ #.#
........# #a# #.. ........# #§#
#.. ######### #.# ###.. ## #o#
#.... .. #.# #.#.. ## #.# #.###
#.# #)# # ##### #.# #.###


You could see a worker ant and an orc wizard.

Vanquished Creatures
  An orc warrior (D:4)
  A scorpion (D:4)
  A howler monkey (D:4)
  A hound (D:4)
  A jelly (D:4)
  An orc wizard (D:4)
  Terence (D:3)
  2 iguanas (D:4)
  A worker ant (D:4)
  6 adders
  4 oozes
  4 dart slugs
  2 leopard geckos
  3 orcs (D:4)
  A ball python (D:1)
  5 bats
  2 giant cockroaches
  10 goblins
  2 hobgoblins
  3 frilled lizards
  8 kobolds
  7 rats
67 creatures vanquished.

Notes
Turn   | Place    | Note
-------+----------+-------------------------------------------
     0 | D:1      | kaladindcss the Centaur Hunter began the quest for the Orb.
     0 | D:1      | Reached XP level 1. HP: 17/17 MP: 1/1
   403 | D:1      | Reached XP level 2. HP: 24/24 MP: 2/2
   441 | D:1      | Reached skill level 6 in Bows
   629 | D:1      | Reached XP level 3. HP: 29/29 MP: 3/3
  1695 | D:2      | Found a faded altar of an unknown god.
  1819 | D:2      | Reached XP level 4. HP: 37/37 MP: 4/4
  2213 | D:3      | Reached skill level 7 in Bows
  2328 | D:3      | Noticed a +0 dagger
  2333 | D:3      | Noticed a +0 dagger
  2337 | D:3      | Found a hide-covered altar of Uskayaw.
  2517 | D:3      | Noticed Terence
  2614 | D:3      | Killed Terence
  2731 | D:3      | Reached skill level 1 in Polearms
  2731 | D:3      | Reached skill level 1 in Armour
  2731 | D:3      | Reached XP level 5. HP: 42/42 MP: 5/5
  3454 | D:4      | Reached XP level 6. HP: 51/51 MP: 6/6
  3508 | D:4      | Noticed an orc warrior
  3513 | D:5      | Entered Level 5 of the Dungeon
  3815 | D:4      | Reached skill level 8 in Bows
  3841 | D:4      | Killed an orc warrior
  3847 | D:4      | HP: 2/51 [poisoned by a worker ant]
  3848 | D:4      | Slain by a worker ant

Levels and vault maps discovered:
D:1:      evilmike_arrival_crescent, layout_basic, minmay_tripent
D:2:      layout_loops_cross, chequers_ecumenical_altar_simple, first_ration
D:3:      layout_loops_ring, dancing_weapons_uskayaw, uniq_terence
D:4:      layout_basic, tgw_sif, tso_oasis_becter, st_stairs_5,
          grunt_qazlal_sundering
D:5:      layout_basic, minmay_temple_entry_fiery,
          minmay_misc_feat_secret_circle, serial_bayou_pond_a,
          minmay_large_rounded_square, feat_on_display, uniq_blork_the_orc

Skill      XL: |  1  2  3  4  5  6 |
---------------+-------------------+-----
Bows           | 6 7 8 |  8.6
Polearms       | 1 |  1.6
Armour         | 1 |  1.5
Dodging        | 2 |  2.1
Fighting       | 3 |  3.5
Stealth        | |  0.5

Action                   |  1- 3 |  4- 6 || total
-------------------------+-------+-------++-------
Melee: Spear             |    51 |    98 ||   149
       Kick              |     4 |    16 ||    20
 Fire: Shortbow          |    75 |    48 ||   123
  Use: Scroll            |     2 |     6 ||     8
       Potion            |     2 |       ||     2
  Eat: Ration            |     1 |     1 ||     2
Armor: Leather armour    |    18 |    38 ||    56
Dodge: Dodged            |    27 |    66 ||    93

Table legend:
 A = Non-vault XP
 B = Vault XP
 C = Vault XP percentage of total XP
 D = Non-vault monster count
 E = Vault monster count
 F = Vault count percentage of total count
                 A         B        C        D         E       F
            +---------+---------+-------+---------+---------+-------
      Total |     635 |      70 |   9.9 |      63 |       4 |   6.0
            +---------+---------+-------+---------+---------+-------
        D:1 |      59 |       2 |   3.3 |      27 |       2 |   6.9
        D:2 |      36 |       0 |   0.0 |       9 |       0 |   0.0
        D:3 |      66 |      36 |  35.3 |      13 |       1 |   7.1
        D:4 |     461 |      32 |   6.5 |      13 |       1 |   7.1
        D:5 |      13 |       0 |   0.0 |       1 |       0 |   0.0
            +---------+---------+-------+---------+---------+-------
